 Dungeon Crawl Stone Soup version 0.31-a0-524-g2a164cf6a2 (webtiles) character file.

Game seed: 16761199341240493055

6708 AdnanSaban the Basher (level 11, -1/68 HPs)
             Began as a Gargoyle Fighter on Aug 12, 2023.
             Was a High Priest of Okawaru.
             Slain by a troll (5 damage)
             ... on level 8 of the Dungeon.
             The game lasted 00:10:10 (7852 turns).

AdnanSaban the Basher (Gargoyle Fighter)            Turns: 7852, Time: 00:10:10

Health: -1/68      AC: 28    Str: 29    XL:     11   Next: 3%
Magic:  12/12      EV: 13    Int: 10    God:    Okawaru [*****.]
Gold:   419        SH:  5    Dex:  9    Spells: 10/10 levels left

rFire   . . .        E - +2 whip (elec)
rCold   . . .        c - +0 buckler
rNeg    + . .        I - +0 plate armour
rPois   ∞            (no helmet)
rElec   +            a - +2 cloak
rCorr   .            m - +0 pair of gloves
SInv    .            z - +0 pair of boots
Will    .....        (no amulet) Stlth
                     l - +6 ring of strength
HPRegen 0.31/turn    w - +5 ring of evasion
MPRegen 0.13/turn

%: no passive effects
@: no status effects
A: sickness immunity, AC +8, negative energy resistance 1, electricity
resistance, torment resistance 1, petrification resistance
a: Renounce Religion, Heroism, Finesse, Duel


You were on level 8 of the Dungeon.
You worshipped Okawaru.
Okawaru was extremely pleased with you.
You visited 2 branches of the dungeon, and saw 10 of its levels.
You also visited: Bailey.

You collected 419 gold pieces.

Inventory:

Hand Weapons
 u - a +1 flail of venom
 E - a +2 whip of electrocution (weapon)
Missiles
 q - 31 poisoned darts (quivered)
 y - 6 javelins
 H - 2 boomerangs
Armour
 a - a +2 cloak (worn)
 c - a +0 buckler (worn)
 m - a +0 pair of gloves (worn)
 z - a +0 pair of boots (worn)
 I - a +0 plate armour (worn)
 L - the +0 ice dragon scales of the Gate {rF- rC++ Slay+2}
   (You found it in a bailey)

   Slay+2:    It affects your accuracy & damage with ranged weapons and melee
   (+2).
   rF-:       It makes you vulnerable to fire.
   rC++:      It greatly protects you from cold.
Jewellery
 b - a ring of protection from cold
 h - a ring of fire
 l - a +6 ring of strength (left hand)
 w - a +5 ring of evasion (right hand)
 O - a ring of fire
Wands
 A - a wand of mindburst (19)
 N - a wand of polymorph (7)
Scrolls
 e - 2 scrolls of acquirement
 f - 2 scrolls of brand weapon {unknown}
 g - 3 scrolls of silence {unknown}
 i - a scroll of enchant weapon {unknown}
 k - a scroll of summoning {unknown}
 n - a scroll of amnesia {unknown}
 p - 5 scrolls of teleportation {unknown}
 s - a scroll of blinking {unknown}
 v - 2 scrolls of identify {unknown}
 x - 2 scrolls of fear {unknown}
 B - a scroll of poison {unknown}
 D - 3 scrolls of enchant armour
 J - a scroll of noise {unknown}
Potions
 d - a potion of might
 j - 4 potions of haste {unknown}
 o - 2 potions of attraction {unknown}
 r - a potion of berserk rage {unknown}
 t - 3 potions of curing {unknown}
 C - a potion of magic {unknown}
 F - 2 potions of heal wounds {unknown}
 G - a potion of lignification {unknown}
 K - 3 potions of brilliance {unknown}
 M - a potion of degeneration {unknown}


   Skills:
 + Level 8.0 Fighting
 + Level 10.9 Maces & Flails
 + Level 2.4 Throwing
 + Level 8.6 Armour
 + Level 3.2 Dodging
 + Level 1.2 Stealth
 + Level 6.8 Shields
 * Level 2.0 Invocations


You had 10 spell levels left.
You didn't know any spells.
Your spell library contained the following spells:

 Spells                   Type           Power      Damage    Failure   Level
 Freeze                   Ice            0%         1d3       98%         1
 Poisonous Vapours        Pois/Air       0%         N/A       99%         2
 Dazzling Flash           Conj/Hex       0%         N/A       100%        3
 Frozen Ramparts          Ice            0%         1d1       100%        3
 Hailstorm                Conj/Ice       0%         3d3       100%        3
 Mephitic Cloud           Conj/Pois/Air  0%         N/A       100%        3
 Volatile Blastmotes      Fire/Tloc      0%         2d10      100%        3
 Olgreb's Toxic Radiance  Pois           0%         N/A       100%        4
 Freezing Cloud           Conj/Ice/Air   0%         6-21      100%        5
 Dispersal                Tloc           0%         N/A       100%        6
 Starburst                Conj/Fire      0%         6d3       100%        6
 Maxwell's Capacitive Co  Air            0%         ∞         100%        8


Dungeon Overview and Level Annotations

Branches:
Dungeon (9/15)             Temple (1/1) D:4          Bailey (visited)
   Lair: D:8-11         Orc: D:9-12

Altars:
Ashenzari
Cheibriados
Dithmenos
Fedhas
Gozag
Hepliaklqana
Kikubaaqudgha
Makhleb
Nemelex Xobeh
Okawaru
Qazlal
Ru
Sif Muna
Trog
Uskayaw
Xom
Yredelemnul
Zin
The Shining One

Shops:
D:9 [


Innate Abilities, Weirdness & Mutations

You are immune to sickness and miasma.
Your stone body is resilient. (AC +8)
You are immune to poison.
You resist negative energy. (rN+)
You are resistant to electric shocks. (rElec)
You are resistant to unholy torment.
You are immune to petrification.


Message History

The troll claws you but does no damage. The troll claws you.
A wight comes into view.
It is wielding a +1 scimitar of freezing.
The troll bites you.
The troll claws you but does no damage. x2
The centaur attacks as you move away! The centaur completely misses you.
The centaur kicks you but does no damage.
The centaur wields a +0 shortbow.
The centaur shoots an arrow.
The arrow hits you.
A wight comes into view. It is wielding a +0 dagger.
The centaur shoots an arrow.
The arrow hits you but does no damage. The troll attacks as you move away!
The troll bites you!
The troll barely misses you. x2; The centaur shoots an arrow.
The arrow hits you but does no damage.
A wight comes into view. It is wielding a +0 hand axe.
You block the wight's attack.
There is a stone staircase leading up here.
You block the troll's attack. The troll claws you!
You block the troll's attack. The wight hits you but does no damage.
You climb upwards.
There is a stone staircase leading down here.
You whack the wight!
The wight is severely damaged.
You hit the wight.
The wight is severely damaged.
The wight hits you with a +3 long sword.
The troll bites you but does no damage. The troll barely misses you.
The troll closely misses you.
You hit the wight.
The wight is almost destroyed.
You hit the wight but do no damage.
The wight is almost destroyed.
The wight hits you with a +3 long sword!
* * * LOW HITPOINT WARNING * * *
The troll bites you!
* * * LOW HITPOINT WARNING * * *
The troll claws you but does no damage. The troll closely misses you.
You whack the wight! Lightning courses through the wight!
You destroy the wight!
Okawaru accepts your kill. The troll bites you.
You die...

.....# #.#
##########.#
...........#
############ ..# ###
..### ##.##
....############.#.##
..#............T###.#
..##############@#.##
######## ##)##
.......# #.#
######.##########.# #
#..........#.# #
##########.#.# #
#.#.# # #.#.# #
####.#.#


You could see a troll.

Vanquished Creatures
  Erica (D:7)
  The ghost of niknal the Basher, a novice TrWr of Hepliaklqana (D:8)
  An orc sorcerer (Bailey)
  A manticore (D:8)
  A kobold demonologist (Bailey)
  Sigmund (D:2)
  A wyvern (D:9)
  A yak (D:9)
  Grum (D:8)
  A steam dragon (D:7)
  A water moccasin (D:7)
  13 orc warriors
  2 black bears
  3 ice beasts
  An ogre (D:7)
  3 wolves (D:7)
  2 centaurs
  3 kobold brigands
  A bullfrog (D:7)
  3 scorpions
  8 wights
  A howler monkey (D:6)
  3 electric eels (Bailey)
  A gnoll bouda (D:5)
  3 orc priests
  An iguana (D:5)
  7 orc wizards
  11 gnolls
  7 adders
  2 shadow imps
  3 white imps
  An ufetubus (D:6)
  A worm (D:5)
  3 dart slugs
  37 orcs
  2 bats
  7 endoplasms
  3 giant cockroaches
  11 goblins
  11 hobgoblins
  4 quokkas
  7 ball pythons
  A frilled lizard (D:1)
  22 kobolds
  24 rats
223 creatures vanquished.

Notes
Turn   | Place    | Note
-------+----------+-------------------------------------------
     0 | D:1      | AdnanSaban the Gargoyle Fighter began the quest for the
                  | Orb.
     0 | D:1      | Reached XP level 1. HP: 14/14 MP: 1/1
   178 | D:1      | Found a faded altar of an unknown god.
   295 | D:1      | Reached XP level 2. HP: 19/19 MP: 2/2
   819 | D:2      | Got Paasch's Catalogue of the Hidden Vale
   829 | D:2      | Reached XP level 3. HP: 24/24 MP: 3/3
  1581 | D:2      | Noticed Sigmund
  1590 | D:2      | Killed Sigmund
  1591 | D:2      | Reached skill level 3 in Maces & Flails
  1591 | D:2      | Reached XP level 4. HP: 15/29 MP: 4/4
  1591 | D:2      | Reached XP level 5. HP: 17/33 MP: 5/5
  1722 | D:3      | Reached skill level 4 in Maces & Flails
  1758 | D:3      | Identified the +0 pair of gloves of the Sunfish {rF+}
  1795 | D:3      | Found an opulent altar of Gozag.
  1830 | D:3      | Reached XP level 6. HP: 38/38 MP: 6/6
  2255 | D:3      | Found an ancient bone altar of Kikubaaqudgha.
  2255 | D:3      | Found a hide-covered altar of Uskayaw.
  2413 | D:4      | Reached skill level 1 in Dodging
  2815 | D:4      | Found a staircase to the Ecumenical Temple.
  2856 | Temple   | Entered the Ecumenical Temple
  2861 | Temple   | Became a worshipper of Warmaster Okawaru
  3216 | D:5      | Entered Level 5 of the Dungeon
  3234 | D:5      | Noticed an ice beast
  3245 | D:5      | Killed an ice beast
  3246 | D:5      | Reached skill level 5 in Armour
  3246 | D:5      | Reached XP level 7. HP: 40/44 MP: 7/7
  3248 | D:5      | Reached skill level 5 in Maces & Flails
  3379 | D:5      | Reached * piety under Okawaru
  3545 | D:5      | Reached skill level 1 in Stealth
  3557 | D:5      | Reached skill level 5 in Fighting
  3677 | D:5      | Reached XP level 8. HP: 49/49 MP: 8/8
  3822 | D:5      | Reached skill level 6 in Maces & Flails
  4071 | D:6      | Reached ** piety under Okawaru
  4072 | D:6      | Reached skill level 7 in Maces & Flails
  4445 | D:6      | Found a broken altar of Ashenzari.
  4815 | D:7      | Reached XP level 9. HP: 50/55 MP: 9/9
  4938 | D:7      | Reached skill level 8 in Maces & Flails
  5103 | D:7      | Reached skill level 5 in Shields
  5525 | D:8      | Noticed Grum
  5531 | D:7      | Reached *** piety under Okawaru
  5591 | D:8      | Found a flagged portal.
  5614 | Bailey   | Entered a bailey
  5853 | Bailey   | Reached skill level 9 in Maces & Flails
  5986 | Bailey   | Found an iron altar of Okawaru.
  5987 | Bailey   | Noticed a kobold demonologist
  5988 | Bailey   | Noticed an orc sorcerer
  6020 | Bailey   | Killed an orc sorcerer
  6020 | Bailey   | Reached **** piety under Okawaru
  6021 | Bailey   | Reached XP level 10. HP: 63/63 MP: 10/10
  6042 | Bailey   | Killed a kobold demonologist
  6091 | Bailey   | Reached skill level 1 in Throwing
  6121 | Bailey   | Identified the +0 ice dragon scales of the Gate {rF- rC++
                  | Slay+2}
  6122 | Bailey   | Identified the +1 leather armour of Ypim {rElec rF- Will+
                  | Dex+2}
  6351 | Bailey   | Reached skill level 10 in Maces & Flails
  6638 | D:8      | Noticed a manticore
  6650 | D:8      | Killed a manticore
  6650 | D:8      | Reached ***** piety under Okawaru
  6844 | D:8      | Noticed Erica
  7145 | D:7      | Killed Erica
  7295 | D:8      | Killed Grum
  7391 | D:8      | Found a runed translucent door.
  7391 | D:8      | Noticed niknal's ghost (novice TrWr)
  7744 | D:8      | Killed niknal's ghost
  7745 | D:8      | Reached skill level 1 in Invocations
  7746 | D:8      | Identified the +0 scale mail "Xaegenwo" {-Tele *Corrode
                  | Str+7 SInv}
  7810 | D:9      | Found Xuafeg's Armour Shoppe.
  7822 | D:9      | Reached XP level 11. HP: 68/68 MP: 12/12
  7852 | D:8      | Slain by a troll

Illustrated notes

Levels and vault maps discovered:
D:1:      lightli_molten_gateway, layout_basic, ebering_ecumenical_altar_box,
          serial_corexii_hall, corexii_hall_statues_x,
          corexii_hall_statues_deadend, minivault_23
D:2:      minmay_alternating_diamond, layout_basic, serial_bayou_pond_d,
          uniq_sigmund
D:3:      layout_loops_cross, grunt_gozag_statues,
          gammafunk_temple_overflow_statue
D:4:      layout_rooms, temple_fountains, minmay_rat_hole
D:5:      kennysheep_spiral_hall, layout_loops_cross
D:6:      layout_cave_pools, lemuel_round_altar
D:7:      layout_basic, kennysheep_another_room
D:8:      layout_loops_ring, enter_bailey_3, gammafunk_ghost_grave, minivault_1,
          uniq_grum, uniq_erica
D:9:      kennysheep_seaside_town, layout_cave_pools, lemuel_round_altar,
          general_overflow_altar, serial_shops, shop, lightli_orcish_oven
Temple:   minmay_freezing_vapour_temple

Skill      XL: |  1  2  3  4  5  6  7  8  9 10 11 |
---------------+----------------------------------+-----
Fighting       | 4 5 7 8 |  8.0
Maces & Flails | 3 4 5 7 9 10 | 10.9
Armour         | 4 5 6 7 8 |  8.6
Dodging        | 1 2 3 |  3.2
Shields        | 4 5 6 |  6.8
Stealth        | 1 |  1.2
Throwing       | 2 |  2.4
Invocations    | 1 2 |  2.0

Action                     |  1- 3 |  4- 6 |  7- 9 | 10-12 || total
---------------------------+-------+-------+-------+-------++-------
  Melee: Flail             |   128 |   148 |   182 |       ||   458
         Whip              |       |       |   250 |   215 ||   465
  Throw: Dart              |       |       |     2 |     6 ||     8
 Armour: Scale mail        |    76 |   107 |   117 |       ||   300
         Plate armour      |       |       |    84 |   101 ||   185
  Dodge: Dodged            |    59 |   125 |   246 |   115 ||   545
  Block: Buckler           |    30 |    31 |    84 |    55 ||   200

Table legend: (Time is in decaauts)
 A = Elapsed time spent in this place.
 B = Non-inter-level travel time spent in this place.
 C = Inter-level travel time spent in this place.
 D = Time resting spent in this place.
 E = Time spent auto-exploring this place.
 F = Levels seen in this place.
 G = Mean time per level.
                   A        B        C        D        E       F      G
               +--------+--------+--------+--------+--------+-----+--------+
         Total |   7809 |   7510 |    299 |    516 |   5140 |  11 |  709.9 |
       Dungeon |   6840 |   6549 |    291 |    348 |   4731 |   9 |  760.0 |
        Temple |     10 |      2 |      8 |      0 |      0 |   1 |   10.0 |
        Bailey |    958 |    958 |      0 |    168 |    408 |   1 |  958.0 |
               +--------+--------+--------+--------+--------+-----+--------+

Top non-repeatable levels by time:
     D:7: 1192 daAuts
  Bailey: 958 daAuts
     D:2: 946 daAuts
     D:8: 871 daAuts
     D:5: 855 daAuts
     D:3: 812 daAuts
     D:1: 794 daAuts
     D:4: 725 daAuts
     D:6: 616 daAuts
     D:9: 26 daAuts
  Temple: 10 daAuts
